 Dungeon Crawl Stone Soup version 0.31.0-9-g3a7656b989 (webtiles) character file.

Game seed: 11247719261196176643

135 qw the Ducker (level 4, -9/23 HPs)
             Began as a Spriggan Hunter on Feb 2, 2024.
             Mangled by a gnoll
             ... wielding a +0 halberd
              (11 damage)
             ... on level 3 of the Dungeon.
             The game lasted 00:00:06 (1689 turns).

qw the Ducker (Spriggan Hunter)                     Turns: 1689, Time: 00:00:07

Health: -9/23      AC:  2    Str:  7    XL:     4   Next: 96%
Magic:  5/5        EV: 20    Int: 10    God:
Gold:   235        SH:  0    Dex: 20    Spells: 3/3 levels left

rFire   . . .        a - +1 shortbow
rCold   . . .        (shield currently unavailable)
rNeg    . . .        c - +0 robe
rPois   .            (helmet restricted)
rElec   .            (no cloak)
rCorr   .            (gloves unavailable)
SInv    +            (boots unavailable)
Will    .....        (no amulet)
Stlth   ++           (no ring)
HPRegen 0.23/turn    (no ring)
MPRegen 0.09/turn

%: no passive effects
@: about to teleport, very quick
A: very small, no large weapons, unfitting armour, see invisible, speed 3
a: no special abilities


You were on level 3 of the Dungeon.
You visited 1 branch of the dungeon, and saw 3 of its levels.

You collected 235 gold pieces.


Innate Abilities, Weirdness & Mutations

You are very small and have problems with some larger weapons.
You are too small for most types of armour.
You have supernaturally acute eyesight. (SInv)
You cover ground extremely quickly. (Speed+++)


   Skills:
 - Level 2.0 Fighting
 + Level 5.0 Ranged Weapons
 - Level 5.3 Dodging
 - Level 1.5 Stealth


You had 3 spell levels left.
You didn't know any spells.
Your spell library was empty.

Inventory:

Hand Weapons
 a - a +1 shortbow (weapon)
Armour
 c - a +0 robe (worn)
Wands
 j - a wand of flame (26)
Scrolls
 e - a scroll of teleportation
 g - a scroll of silence {unknown}
Potions
 b - a potion of mutation
 d - a potion of lignification {unknown}
 f - a potion of magic {unknown}
 h - 2 potions of might {unknown}
 i - a potion of enlightenment {unknown}
 l - a potion of haste {unknown}

Dungeon Overview and Level Annotations

Branches:
Dungeon (3/15)

Altars:
Dithmenos


Message History

Found a bone wand.
You shoot an arrow. The arrow hits the ball python!
You kill the ball python!
There is an open door here.
j - a wand of flame (26)
You open the door. 4 gnolls come into view.
The gnoll shouts! x4
You shoot an arrow. The arrow hits the gnoll!
The gnoll is severely wounded.
You hear a shout!
The gnoll closely misses you.
You shoot an arrow. The arrow closely misses the gnoll. x2
The gnoll misses you.
You shoot an arrow. The arrow hits the gnoll!
The gnoll is almost dead.
The gnoll closely misses you.
You shoot an arrow.
The arrow hits the gnoll but does no damage.
The gnoll misses you. The gnoll closely misses you.
A goblin comes into view. It is wielding a +0 club.
The gnoll hits you with a +0 flail!
Ouch! That really hurt!
You shoot an arrow. The arrow closely misses the gnoll.
The arrow barely misses the gnoll.
The gnoll barely misses you. The gnoll closely misses you.
You shoot an arrow.
The arrow hits the gnoll but does no damage.
The gnoll misses you. The gnoll barely misses you.
You shoot an arrow. The arrow hits the gnoll!
The gnoll is heavily wounded.
The gnoll completely misses you. The gnoll hits you with a +0 flail!
1688 ||| READING 2 scrolls of teleportation.
As you read the scroll of teleportation, it crumbles to dust.
You feel strangely unstable. The gnoll closely misses you.
The gnoll completely misses you.
You shoot an arrow. The arrow hits the gnoll.
The gnoll is almost dead.
The gnoll hits you from afar with a +0 halberd!
You die...

#.#.....#
#.%%...
#.##+####
###....
#..# #....
###.# #....
#...#
#######.###
#.###
..........#
#.#
#######.#.#
#.#
#.......
#@#
#....#.#
#g#
#....#..
.g.
#.%..###
..g..
#....'..
.......
#....###
#........
#...)#
######....
+....###
.####
##....#..
#.....'..


You could see 2 gnolls and a goblin.

Vanquished Creatures
  Jessica (D:3)
  4 adders
  3 dart slugs
  A ribbon worm (D:3)
  2 endoplasms
  6 giant cockroaches
  7 hobgoblins
  6 jackals
  4 quokkas
  4 ball pythons
  4 bats
  2 frilled lizards (D:2)
  5 goblins
  8 kobolds
  4 rats
61 creatures vanquished.

Notes
Turn   | Place    | Note
-------+----------+-------------------------------------------
     0 | D:1      | qw the Spriggan Hunter began the quest for the Orb.
     0 | D:1      | Reached XP level 1. HP: 10/10 MP: 2/2
     0 | D:1      | 0 ||| qw: Version: 0.3-a-155-g5e7d8dd
     0 | D:1      | 0 ||| qw: Game counter: 1048
     0 | D:1      | 0 ||| qw: Melee chars always use a shield: true
     0 | D:1      | 0 ||| qw: God list: Okawaru
     0 | D:1      | 0 ||| qw: Allow faded altars: false
     0 | D:1      | 0 ||| qw: Do Orc after clearing Dungeon:15 true
     0 | D:1      | 0 ||| qw: Do second Lair branch before Depths: true
     0 | D:1      | 0 ||| qw: Lair rune preference: random
     0 | D:1      | 0 ||| qw: Goals: Normal
     0 | D:1      | 0 ||| PLANNING D:1-11
    39 | D:1      | Reached skill level 3 in Dodging
    85 | D:1      | Reached XP level 2. HP: 14/14 MP: 3/3
   427 | D:1      | 427 ||| READING 2 scrolls labelled PUNULI AQYH EBA.
   427 | D:1      | 427 ||| IDENTIFYING cyan potion
   428 | D:1      | 428 ||| READING scroll of identify.
   428 | D:1      | 428 ||| IDENTIFYING emerald potion
   429 | D:1      | 429 ||| READING scroll labelled ITZYAPTIGIR.
   430 | D:1      | 430 ||| READING scroll labelled QIXEBU SEILY.
   531 | D:1      | 531 ||| READING 2 scrolls labelled VANUSU WOPY.
   532 | D:1      | 532 ||| READING scroll labelled GUHOIC NIAPNUOKKY.
   532 | D:1      | 532 ||| ENCHANTING +0 shortbow.
   533 | D:1      | 533 ||| READING scroll labelled ISEIBY JAPNEUTAGGE.
   534 | D:1      | 534 ||| DROPPING scroll of butterflies.
   535 | D:1      | 535 ||| DROPPING potion of attraction.
   536 | D:1      | 536 ||| DROPPING scroll of blinking.
   686 | D:2      | HP: 3/14 [adder (3)]
   687 | D:2      | 687 ||| DRINKING potion of heal wounds.
   689 | D:2      | Reached XP level 3. HP: 15/18 MP: 4/4
   876 | D:2      | Found a faded altar of an unknown god.
  1205 | D:2      | 1205 ||| READING scroll of identify.
  1205 | D:2      | 1205 ||| IDENTIFYING metallic silvery potion
  1206 | D:2      | 1206 ||| READING scroll labelled SOZXISH JEARO.
  1206 | D:2      | 1206 ||| ENCHANTING +0 shortbow.
  1207 | D:2      | 1207 ||| READING scroll labelled ISHOFO SELEXTACAU.
  1211 | D:2      | 1211 ||| DRINKING 2 fuming orange potions.
  1212 | D:2      | 1212 ||| DROPPING potion of invisibility.
  1262 | D:3      | Reached XP level 4. HP: 22/22 MP: 5/5
  1268 | D:3      | Found a shadowy altar of Dithmenos.
  1423 | D:3      | Noticed Jessica
  1430 | D:3      | Killed Jessica
  1431 | D:3      | 1431 ||| FLEEEEING.
  1432 | D:3      | 1432 ||| FLEEEEING.
  1687 | D:3      | HP: 2/23 [gnoll/+0 flail (10)]
  1688 | D:3      | 1688 ||| READING 2 scrolls of teleportation.
  1689 | D:3      | Mangled by a gnoll

Levels and vault maps discovered:
D:1:      dreamdust_arrival_sigmund_warning, layout_rooms,
          minmay_stone_trees_small
D:2:      layout_basic, shapermc_ecumenical_altar_mp_vishouse,
          roderic_three_in_a_row, minmay_tripent
D:3:      layout_basic, mainiacjoe_overflow_brackets, uniq_jessica

Skill      XL: |  1  2  3  4 |
---------------+-------------+-----
Dodging        | 3 4 5 |  5.3
Ranged Weapons | 5 |  5.0
Fighting       | 2 |  2.0
Stealth        | |  1.5

Action                     |  1- 3 |  4- 6 || total
---------------------------+-------+-------++-------
   Fire: Shortbow          |   100 |    67 ||   167
    Use: Scroll            |    10 |     1 ||    11
         Potion            |     2 |       ||     2
 Armour: Robe              |     7 |    10 ||    17
  Dodge: Dodged            |    35 |    38 ||    73

Table legend:
 A = Non-vault XP
 B = Vault XP
 C = Vault XP percentage of total XP
 D = Non-vault monster count
 E = Vault monster count
 F = Vault count percentage of total count
                 A         B        C        D         E       F
            +---------+---------+-------+---------+---------+-------
      Total |     154 |      39 |  20.2 |      58 |       3 |   4.9
            +---------+---------+-------+---------+---------+-------
        D:1 |      28 |       0 |   0.0 |      16 |       0 |   0.0
        D:2 |      60 |       2 |   3.2 |      20 |       2 |   9.1
        D:3 |      66 |      37 |  35.9 |      22 |       1 |   4.3
            +---------+---------+-------+---------+---------+-------
